 Dungeon Crawl Stone Soup version 0.31-a0-233-g139696dc86 (webtiles) character file.

Game seed: 3975266583506163603

114 Decritt the Firebug (level 4, -1/35 HPs)
             Began as a Demonspawn Fire Elementalist on July 8, 2023.
             Killed by divine providence
             ... invoked by an orc priest
              (12 damage)
             ... on level 3 of the Dungeon.
             The game lasted 00:08:43 (3202 turns).

Decritt the Firebug (Demonspawn Fire Elementalist)  Turns: 3202, Time: 00:08:44

Health: -1/35      AC:  3    Str:  9    XL:     4   Next: 67%
Magic:  1/8        EV: 12    Int: 18    God:
Gold:   99         SH:  0    Dex: 19    Spells: 6/9 levels left

rFire   . . .        g - +1 whip (elec)
rCold   . . .        (no shield)
rNeg    . . .        a - +0 robe
rPois   .            (no helmet)
rElec   .            (no cloak)
rCorr   .            (no gloves)
SInv    .            (no boots)
Will    .....        (no amulet)
Stlth   ++           k - +6 ring of dexterity
HPRegen 0.25/turn    (no ring)
MPRegen 0.11/turn

%: no passive effects
@: no status effects
A: rugged brown scales 1, demonic magic 1
a: no special abilities


You were on level 3 of the Dungeon.
You visited 1 branch of the dungeon, and saw 3 of its levels.

You collected 99 gold pieces.

Inventory:

Hand Weapons
 g - a +1 whip of electrocution (weapon)
Missiles
 l - 4 poisoned darts (quivered)
Armour
 a - a +0 robe (worn)
Jewellery
 k - a +6 ring of dexterity (left hand)
Scrolls
 c - 4 scrolls of teleportation {unknown}
 d - a scroll of revelation {unknown}
 h - a scroll of noise {unknown}
 i - a scroll of enchant weapon {unknown}
 j - a scroll of poison {unknown}
Potions
 b - a potion of magic
 f - a potion of heal wounds {unknown}
 m - a potion of enlightenment {unknown}


   Skills:
 + Level 2.4 Fighting
 - Level 1.7 Dodging
 - Level 1.7 Stealth
 * Level 3.0 Spellcasting
 - Level 1.0 Conjurations
 * Level 3.6 Fire Magic


You had 6 spell levels left.
You knew the following spells:

 Your Spells              Type           Power      Damage    Failure   Level
a - Foxfire               Conj/Fire      44%        2x1d6     6%          1
b - Scorch                Fire           30%        2d6       5%          2

Your spell library contained the following spells:

 Spells                   Type           Power      Damage    Failure   Level
 Slow                     Hex            8%         N/A       16%         1
 Cigotuvi's Dreadful Rot  Necr/Pois/Air  4%         N/A       24%         2
 Inner Flame              Hex/Fire       9%         N/A       24%         3
 Volatile Blastmotes      Fire/Tloc      18%        2d11      24%         3
 Confusing Touch          Hex            2%         N/A       43%         3
 Vampiric Draining        Necr           2%         2d6       43%         3
 Flame Wave               Conj/Fire      11%        2d6       54%         4
 Dispel Undead            Necr           2%         3d7       85%         4
 Death Channel            Necr           1%         N/A       100%        6


Dungeon Overview and Level Annotations

Branches:
Dungeon (3/15)

Altars:

Annotations:
D:3 Sigmund


Innate Abilities, Weirdness & Mutations

You are partially covered in rugged brown scales. (AC +1, +3% HP)
Spells you cast may paralyse adjacent enemies.


Message History

You conjure some foxfire!
Malevolent energies surge around you.
The foxfire hits the orc priest.
The orc priest is heavily wounded.
The foxfire hits the orc priest but does no damage.
The orc priest is heavily wounded.
Casting: Foxfire (safe; 6% risk of failure)
Confirm with . or Enter, or press ? or * to list all spells.
You conjure some foxfire!
Malevolent energies surge around you.
The foxfire hits the orc priest.
The orc priest is heavily wounded.
The foxfire hits the orc priest.
The orc priest is severely wounded.
Casting: Foxfire (safe; 6% risk of failure)
Confirm with . or Enter, or press ? or * to list all spells.
You conjure some foxfire!
Malevolent energies surge around you.
The foxfire hits the orc.
The orc is heavily wounded.
The foxfire hits the orc.
You kill the orc!
The orc priest looks satisfied for a moment.
Casting: Foxfire (safe; 6% risk of failure)
Confirm with . or Enter, or press ? or * to list all spells.
Flames lash the orc priest.
The orc priest is almost dead.
The orc priest's fire resistance burns away.
Malevolent energies surge around you.
The orc priest invokes the aid of Beogh against you.
Beogh smites you!
The orc hits you with a +1 dagger of protection.
Casting: Scorch (safe; 5% risk of failure)
Confirm with . or Enter, or press ? or * to list all spells.
Flames lash the orc but do no damage.
Malevolent energies surge around you.
The orc suddenly stops moving!
The orc hits you with a +0 club.
* * * LOW HITPOINT WARNING * * *
The orc priest looks encouraged for a moment.
The orc hits you with a +0 club.
* * * LOW HITPOINT WARNING * * *
The orc priest mumbles some strange prayers to Beogh against you.
Beogh smites you!
You die...

#....# #..#........#...
#....###.....####.#####
####.......(....#.#
#................
#...............
#..............# .. .#...#
#..............# #.#.#...#
#..............# ...#...#
#...........)o@#######...... ##
##...........o.....#...#...###.
.....o##.........##...#.
...####.>.........###>#.
........................
....##...............#.. ..
.............)..#....
..####....#........... ..
##.........<.##..


You could see an orc priest (combustible) and 2 orcs.

Vanquished Creatures
  Ijyb (D:2)
  2 adders (D:2)
  2 worms
  A dart slug (D:3)
  3 orcs (D:3)
  7 endoplasms
  A giant cockroach (D:1)
  5 goblins
  4 hobgoblins
  4 kobolds
  2 quokkas (D:2)
  10 ball pythons
  4 bats (D:1)
  6 frilled lizards
  6 rats
58 creatures vanquished.

Vanquished Creatures (others)
  125 foxfires
125 creatures vanquished.

Grand Total: 183 creatures vanquished

Notes
Turn   | Place    | Note
-------+----------+-------------------------------------------
     0 | D:1      | Decritt the Demonspawn Fire Elementalist began the quest
                  | for the Orb.
     0 | D:1      | Reached XP level 1. HP: 13/13 MP: 3/3
   253 | D:1      | Gained mutation: You are partially covered in rugged brown
                  | scales. (AC +1, +3% HP) [demonic ancestry]
   253 | D:1      | Reached XP level 2. HP: 14/20 MP: 0/5
   367 | D:1      | Reached skill level 1 in Fighting
  1107 | D:2      | Gained mutation: Spells you cast may paralyse adjacent
                  | enemies. [demonic ancestry]
  1107 | D:2      | Reached XP level 3. HP: 26/26 MP: 3/6
  1110 | D:2      | Learned a level 2 spell: Scorch
  2127 | D:2      | Found a faded altar of an unknown god.
  2425 | D:2      | Reached XP level 4. HP: 33/33 MP: 4/8
  2593 | D:3      | Noticed Sigmund
  2788 | D:3      | Noticed Ijyb
  3037 | D:2      | Killed Ijyb
  3202 | D:3      | Killed from afar by an orc priest

Illustrated notes

Levels and vault maps discovered:
D:1:      grunt_arrival_crossed_arrows, layout_basic
D:2:      layout_loops_corners, chequers_ecumenical_altar_simple_redux,
          serial_rivers, chequers_serial_rivers_small_3,
          chequers_serial_rivers_small_b, chequers_serial_rivers_micro_a,
          chequers_serial_rivers_micro_e, chequers_serial_rivers_small_a
D:3:      layout_rooms, mainiacjoe_overflow_six_doors_small,
          minmay_misc_feat_doors, grunt_decor_arrowhead, saegor_snake_ambush,
          uniq_sigmund, uniq_ijyb, uniq_terence

Skill      XL: |  1  2  3  4 |
---------------+-------------+-----
Fighting       | 1 2 |  2.4
Fire Magic     | 3 |  3.6
Spellcasting   | 3 |  3.0
Dodging        | |  1.7
Stealth        | |  1.7
Conjurations   | |  1.0

Action                     |  1- 3 |  4- 6 || total
---------------------------+-------+-------++-------
  Melee: Battleaxe         |     3 |    11 ||    14
  Throw: Dart              |     2 |     9 ||    11
   Cast: Foxfire           |    56 |    18 ||    74
         Scorch            |     9 |    14 ||    23
    Use: Scroll            |     3 |       ||     3
         Potion            |       |     1 ||     1
   Stab: Paralysed         |       |     3 ||     3
 Armour: Robe              |     7 |     2 ||     9
  Dodge: Dodged            |    20 |    26 ||    46

Table legend: (Time is in decaauts)
 A = Elapsed time spent in this place.
 B = Non-inter-level travel time spent in this place.
 C = Inter-level travel time spent in this place.
 D = Time resting spent in this place.
 E = Time spent auto-exploring this place.
 F = Levels seen in this place.
 G = Mean time per level.
                   A        B        C        D        E       F      G
               +--------+--------+--------+--------+--------+-----+--------+
         Total |   3206 |   3033 |    173 |    381 |   2075 |   3 | 1068.7 |
       Dungeon |   3206 |   3033 |    173 |    381 |   2075 |   3 | 1068.7 |
               +--------+--------+--------+--------+--------+-----+--------+

Top non-repeatable levels by time:
     D:2: 1748 daAuts
     D:1: 1153 daAuts
     D:3: 305 daAuts
